[Event "XVII MetLife Najdorf Open 2017"]
[Site "Warsaw"]
[Date "2017.07.16"]
[Round "8"]
[White "Yogesh, Gautam"]
[Black "Winiarski, Mikolaj"]
[Result "1/2-1/2"]
[ECO "B71"]
[WhiteElo "2243"]
[BlackElo "2295"]
[Annotator "NA"]
[PlyCount "121"]
[EventDate "2017.??.??"]
[EventType "swiss"]
[EventCountry "POL"]
[SourceTitle "playchess.com"]
[Source "ChessBase"]
[SourceQuality "1"]
[TimeControl "40/5400+30:1800+30"]

1. e4 c5 2. Nf3 d6 3. d4 cxd4 4. Nxd4 Nf6 5. Nc3 g6 6. f4 Nc6 7. Nxc6 bxc6 8. e5 Nd7 9. exd6 exd6 10. Be3 Be7 11. Qd2 d5 12. O-O-O O-O 13. h4 Nf6 14. Be2 h5 15. Bf3 Ng4 16. Bd4 Bf5 17. Bxg4 Bxg4 18. f5 Bxf5 19. Rdf1 Bf6 20. Rxf5 Bxd4 21. Qxd4 gxf5 22. Rh3 Qd6 23. Ne2 Qh6+ 24. Nf4 Kh7 25. Qe5 Rae8 26. Qxf5+ Kh8 27. Rg3 Rg8 28. Qxf7 Rgf8 29. Qxh5 Qxh5 30. Nxh5 Re5 31. Rg5 Rxg5 32. hxg5 Rf1+ 33. Kd2 Rf2+ 34. Kc3 Rxg2 35. Nf4 Rg4 36. Nd3 Kg7 37. b3 Rxg5 38. Kd4 Rg2 39. Nb4 a5 40. Nxc6 Rxc2 41. Kxd5 Rxa2 42. Kc4 a4 43. bxa4 Rxa4+ 44. Kd5 Kf6 45. Nd4 Ra5+ 46. Ke4 Re5+ 47. Kf4 Rd5 48. Ke4 Re5+ 49. Kf4 Re8 50. Nf3 Ke6 51. Ke4 Kd6+ 52. Kd4 Rf8 53. Ke4 Re8+ 54. Kd4 Re2 55. Ng5 Rd2+ 56. Ke4 Ra2 57. Nf7+ Kc5 58. Ng5 Re2+ 59. Kd3 Re8 60. Ne4+ Rxe4 61. Kxe4 1/2-1/2

[Event "XVII MetLife Najdorf Open 2017"]
[Site "Warsaw"]
[Date "2017.07.16"]
[Round "8"]
[White "Zochowski, Kacper"]
[Black "Urazayev, Arystanbek"]
[Result "0-1"]
[ECO "A15"]
[WhiteElo "2240"]
[BlackElo "2322"]
[Annotator "NA"]
[PlyCount "52"]
[EventDate "2017.??.??"]
[EventType "swiss"]
[EventCountry "POL"]
[SourceTitle "playchess.com"]
[Source "ChessBase"]
[SourceQuality "1"]
[TimeControl "40/5400+30:1800+30"]

1. c4 Nf6 2. g3 e5 3. Bg2 Bc5 4. Nc3 Nc6 5. d3 d6 6. Nf3 h6 7. O-O a6 8. e3 O-O 9. a3 Ba7 10. d4 Bg4 11. d5 Ne7 12. h3 Bh5 13. e4 c6 14. Qd3 cxd5 15. cxd5 Nd7 16. b4 Rc8 17. Bd2 f5 18. exf5 Nxf5 19. g4 Ng3 20. gxh5 Rxc3 21. Bxc3 e4 22. Qc2 exf3 23. Bxg7 Qg5 24. Kh2 Nxf1+ 25. Bxf1 Qxg7 26. Re1 Ne5 0-1

[Event "XVII MetLife Najdorf Open 2017"]
[Site "Warsaw"]
[Date "2017.07.16"]
[Round "8"]
[White "Dzierzak, Radoslaw"]
[Black "Raja Harshit"]
[Result "0-1"]
[ECO "B51"]
[WhiteElo "2231"]
[BlackElo "2377"]
[Annotator "NA"]
[PlyCount "124"]
[EventDate "2017.??.??"]
[EventType "swiss"]
[EventCountry "POL"]
[SourceTitle "playchess.com"]
[Source "ChessBase"]
[SourceQuality "1"]
[TimeControl "40/5400+30:1800+30"]

1. e4 c5 2. Nf3 d6 3. Bb5+ Nd7 4. O-O a6 5. Bd3 {[%emt 0:00:32] B51: Sicilian: Moscow Variation (3 Bb5+) without 3...Bd7} Ngf6 (5... b5 6. Re1 Bb7 7. a4 b4 8. Bc4 Ngf6 9. d3 e6 10. Nbd2 Be7 11. Nf1 O-O 12. Ng3 d5 {1-0 (50) Vachier Lagrave,M (2783)-Nepomniachtchi,I (2766) Leuven 2017}) 6. c3 b5 7. Bc2 Bb7 8. Qe2 e5 9. d4 Be7 10. a4 O-O 11. d5 c4 12. Nh4 $146 ({Predecessor:} 12. Be3 Ng4 13. Bd2 Nc5 14. h3 Nf6 15. Na3 Qd7 16. Nh2 Rae8 17. Rfe1 Bd8 {½-½ (35) Soltanici,R (2346)-Raznikov,D (2495) Albena 2014}) 12... Nxd5 13. Nf5 N5f6 14. Rd1 Nc5 15. f3 g6 16. Nxe7+ Qxe7 17. Bg5 Ne6 18. Bxf6 Qxf6 19. Rxd6 Rad8 20. Rxd8 Rxd8 21. Na3 Nf4 22. Qf2 Qg5 23. Kh1 Bc6 24. axb5 axb5 25. b3 Ra8 26. bxc4 bxc4 27. g3 Nd3 28. Bxd3 cxd3 29. Qc5 Ba4 30. Nc4 d2 31. Nb2 Qf6 32. Kg2 Qa6 33. c4 Rd8 34. Qg1 d1=R 35. Nxd1 Qxc4 36. Nf2 Rd2 37. Qe1 Rc2 38. Qe3 Kg7 39. g4 Bb5 40. Re1 h6 41. g5 h5 42. Kg3 Rc3 43. Qb6 Bc6 44. Qd8 Rc1 45. Rd1 Rxd1 46. Qxd1 Qc5 47. Qd8 {[%emt 0:01:22] [#]} (47. h4 $11 {keeps the balance.}) 47... Qc1 $1 48. Qf6+ Kg8 49. Kg2 Bb5 50. Qxe5 Qf1+ 51. Kg3 Qg1+ 52. Kh4 Qxf2+ 53. Qg3 Qxg3+ 54. Kxg3 Kf8 55. Kf4 Ke7 56. Ke5 Bd3 57. h4 Bb1 58. f4 Bc2 59. f5 gxf5 60. Kxf5 Bd1 61. g6 fxg6+ 62. Kxg6 Ke6 0-1

[Event "XVII MetLife Najdorf Open 2017"]
[Site "Warsaw"]
[Date "2017.07.16"]
[Round "8"]
[White "Kowalski, Igor"]
[Black "Pacan-Milej, Kosma"]
[Result "1/2-1/2"]
[ECO "D11"]
[WhiteElo "2226"]
[BlackElo "2332"]
[Annotator "NA"]
[PlyCount "90"]
[EventDate "2017.??.??"]
[EventType "swiss"]
[EventCountry "POL"]
[SourceTitle "playchess.com"]
[Source "ChessBase"]
[SourceQuality "1"]
[TimeControl "40/5400+30:1800+30"]

1. c4 c6 2. d4 d5 3. Nf3 Nf6 4. e3 a6 5. c5 {D11: Slav Defence: 3 Nf3 sidelines and 3...Nf6 4 e3 Bg4} (5. Bd3 Bg4 6. Nbd2 e6 7. h3 Bh5 8. b3 Nbd7 9. Bb2 Bg6 10. Bxg6 hxg6 11. Qc2 Bb4 12. O-O O-O 13. Bc3 Bxc3 14. Qxc3 {1-0 (63) Nakamura,H (2785)-Carlsen,M (2832) Paris 2017}) 5... g6 6. Nc3 Bg7 7. Ne5 O-O $146 ({Predecessor:} 7... Nfd7 8. f4 f6 9. Nf3 e5 10. e4 exd4 11. Qxd4 Qe7 12. Be3 f5 13. e5 {1-0 (27) Lopez Martinez,J (2549)-Andres Gonzalez,I (2354) Linares 2014}) 8. Bd3 Nfd7 9. Nxd7 Nxd7 10. f4 b6 11. cxb6 c5 12. Nxd5 Nxb6 13. Nxb6 Qxb6 14. dxc5 Qxc5 15. O-O Bb7 16. Qc2 Qd5 17. Bc4 Qc6 18. Bb3 Qxc2 19. Bxc2 Rac8 20. Bb3 Be4 21. a4 Rc7 22. Bd1 Bd3 23. Re1 Rfc8 24. Bf3 Rc2 25. a5 h5 26. Kh1 e5 27. e4 Bh6 28. Rd1 Bb5 29. Rb1 exf4 30. Bd2 Bg7 31. Bxf4 Bxb2 32. Be3 Be2 33. Re1 Bxf3 34. gxf3 Bc3 35. Rec1 Bxa5 36. Rxc2 Rxc2 37. Ra1 Bc7 38. Rxa6 Rxh2+ 39. Kg1 Rb2 40. Bd4 Rb8 41. e5 Rd8 42. Bc3 Re8 43. f4 g5 44. Rh6 gxf4 45. Rxh5 Kg7 $11 1/2-1/2

[Event "XVII MetLife Najdorf Open 2017"]
[Site "Warsaw"]
[Date "2017.07.16"]
[Round "8"]
[White "Karwowski, Kacper"]
[Black "Zujev, Oleg"]
[Result "1/2-1/2"]
[ECO "B22"]
[WhiteElo "2221"]
[BlackElo "2366"]
[Annotator "NA"]
[PlyCount "85"]
[EventDate "2017.??.??"]
[EventType "swiss"]
[EventCountry "POL"]
[SourceTitle "playchess.com"]
[Source "ChessBase"]
[SourceQuality "1"]
[TimeControl "40/5400+30:1800+30"]

1. e4 c5 2. c3 d5 3. exd5 Qxd5 4. d4 e6 5. Nf3 Nf6 6. Be2 cxd4 7. cxd4 Nc6 8. O-O Be7 9. Nc3 Qa5 10. Bf4 O-O 11. Qb3 Qb4 12. Rfd1 Qxb3 13. axb3 Nb4 14. Bc4 Bd7 15. Ne5 Rfd8 16. Nxd7 Rxd7 17. Be5 h6 18. Bxf6 Bxf6 19. d5 Bxc3 20. bxc3 Nxd5 21. Bxd5 Rxd5 22. Rxd5 exd5 23. Kf1 a6 24. Ke2 f6 25. Kd3 Kf7 26. Re1 Rc8 27. Kd4 b6 28. Re3 Rc5 29. b4 Rb5 30. Re1 a5 31. Rb1 Kg6 32. g3 Kg5 33. f3 h5 34. Rb2 h4 35. Rb1 hxg3 36. hxg3 f5 37. Ke5 d4+ 38. Kxd4 f4 39. Rg1 axb4 40. gxf4+ Kxf4 41. Rxg7 bxc3 42. Kxc3 Kxf3 43. Re7 1/2-1/2

[Event "XVII MetLife Najdorf Open 2017"]
[Site "Warsaw"]
[Date "2017.07.16"]
[Round "8"]
[White "Walter, Szymon"]
[Black "Othman, A  Moussa"]
[Result "1/2-1/2"]
[ECO "B18"]
[WhiteElo "2220"]
[BlackElo "2277"]
[Annotator "NA"]
[PlyCount "45"]
[EventDate "2017.??.??"]
[EventType "swiss"]
[EventCountry "POL"]
[SourceTitle "playchess.com"]
[Source "ChessBase"]
[SourceQuality "1"]
[TimeControl "40/5400+30:1800+30"]

1. e4 c6 2. d4 d5 3. Nc3 dxe4 4. Nxe4 Bf5 5. Ng3 Bg6 6. N1e2 Nf6 7. h4 h6 8. Nf4 Bh7 9. Bc4 Nbd7 10. O-O Nb6 11. Bb3 Nbd5 12. Re1 e6 13. Ngh5 Nxf4 14. Bxf4 Bg6 15. Nxf6+ Qxf6 16. Qg4 Bf5 17. Qg3 Qg6 18. Qe3 Be7 19. d5 O-O 20. dxe6 Bxe6 21. Bxe6 fxe6 22. Qxe6+ Qxe6 23. Rxe6 1/2-1/2

[Event "XVII MetLife Najdorf Open 2017"]
[Site "Warsaw"]
[Date "2017.07.16"]
[Round "8"]
[White "Szostko, Jakub"]
[Black "Moehn, Hans"]
[Result "1/2-1/2"]
[ECO "B41"]
[WhiteElo "2208"]
[BlackElo "2380"]
[Annotator "ChessBase"]
[PlyCount "176"]
[EventDate "2017.??.??"]
[EventType "swiss"]
[EventCountry "POL"]
[SourceTitle "playchess.com"]
[Source "ChessBase"]
[SourceQuality "1"]
[TimeControl "40/5400+30:1800+30"]

1. e4 c5 2. Nf3 e6 3. d4 cxd4 4. Nxd4 a6 5. Be2 Bb4+ 6. Nc3 Qc7 7. Qd3 Be7 8. O-O d6 9. f4 Nf6 10. Kh1 O-O 11. Qg3 Nbd7 12. Bf3 Re8 13. Bd2 Bf8 14. Rae1 Qb6 15. Nb3 e5 16. Nd5 Nxd5 17. exd5 Qc7 18. Bc3 exf4 19. Qxf4 Ne5 20. Nd2 Ng6 21. Qd4 Bf5 22. Be4 Bd7 23. Bxg6 hxg6 24. Ne4 Re5 25. Qd2 Rf5 26. Rxf5 Bxf5 27. Qf4 Qd7 28. Ng5 f6 29. Ne6 Re8 30. Nxf8 Rxf8 31. Bb4 Rd8 32. c3 Re8 33. Rxe8+ Qxe8 34. h3 Qe5 35. Bxd6 Qxd5 36. Kh2 Qxa2 37. Ba3 Qd5 38. c4 Qc6 39. c5 Be4 40. Qf2 Qb5 41. Qe1 Qd3 42. Bb4 Bc6 43. Qd2 Qe4 44. Bc3 g5 45. b4 Kh7 46. Qf2 Kg6 47. Be1 Kh5 48. Bc3 Bd5 49. Bd2 Kg6 50. Bc3 Kf7 51. Bd2 Bc6 52. Kg1 Qd5 53. Bc3 Ke6 54. Qe2+ Kf7 55. Qh5+ Ke7 56. Qe2+ Kf8 57. Qf2 Qe4 58. Kh2 Bd5 59. Bd2 Kf7 60. Bc3 Qe6 61. Bd2 Kg6 62. Bc3 Qc6 63. Qc2+ Be4 64. Qe2 Kf7 65. Qc4+ Kf8 66. Qe2 Ke7 67. Kg1 Kd7 68. Qd2+ Bd5 69. Qd3 Kc8 70. Qd2 Kc7 71. Kh2 Qe6 72. Qe1 Be4 73. Qd2 Kc6 74. Qd8 Qd7 75. Qxd7+ Kxd7 76. g4 Ke6 77. Kg3 Bc2 78. h4 gxh4+ 79. Kxh4 g5+ 80. Kg3 Bd1 81. Bb2 Ba4 82. Bc3 Bc6 83. Bb2 Kd5 84. Bxf6 Kc4 85. Bxg5 Kxb4 86. Be7 Kc4 87. Kf4 Kd5 88. Ke3 Be8 {[%emt 0:00:06] Ke4+ Ke5+} 1/2-1/2

[Event "XVII MetLife Najdorf Open 2017"]
[Site "Warsaw"]
[Date "2017.07.16"]
[Round "8"]
[White "Jaroch, Karol"]
[Black "Srinath, Rao S V"]
[Result "0-1"]
[ECO "C01"]
[WhiteElo "2207"]
[BlackElo "2321"]
[Annotator "NA"]
[PlyCount "70"]
[EventDate "2017.??.??"]
[EventType "swiss"]
[EventCountry "POL"]
[SourceTitle "playchess.com"]
[Source "ChessBase"]
[SourceQuality "1"]
[TimeControl "40/5400+30:1800+30"]

1. e4 e6 2. d4 d5 3. exd5 exd5 4. Bd3 Bd6 5. Nc3 c6 6. Nge2 Qh4 7. h3 Nh6 8. Be3 Ng4 9. Qd2 Nxe3 10. Qxe3+ Qe7 11. Qd2 Na6 12. a3 Nc7 13. O-O Bd7 14. b4 O-O 15. Ng3 g6 16. f4 f5 17. Na4 Qf6 18. Ne2 b6 19. c4 dxc4 20. Bxc4+ Kh8 21. Nb2 Be6 22. Rac1 Nd5 23. Nd3 a5 24. Bxd5 Bxd5 25. Ne5 axb4 26. Nd7 Qe7 27. Nxf8 Rxa3 28. Nxg6+ hxg6 29. Rce1 Re3 30. Ng3 Bxf4 31. Qf2 Qg5 32. Ne2 Bd6 33. Ra1 Bg3 34. Ra8+ Kh7 35. Ra7+ Kh6 0-1

[Event "XVII MetLife Najdorf Open 2017"]
[Site "Warsaw"]
[Date "2017.07.16"]
[Round "8"]
[White "Dmochowska, Agnieszka"]
[Black "Hacker, Jonas"]
[Result "0-1"]
[ECO "D10"]
[WhiteElo "2202"]
[BlackElo "2297"]
[Annotator "ChessBase"]
[PlyCount "140"]
[EventDate "2017.??.??"]
[EventType "swiss"]
[EventCountry "POL"]
[SourceTitle "playchess.com"]
[Source "ChessBase"]
[SourceQuality "1"]
[TimeControl "40/5400+30:1800+30"]

1. d4 d5 2. c4 c6 3. cxd5 cxd5 4. Bf4 Nc6 5. Nc3 Nf6 6. e3 a6 7. Bd3 Bg4 8. Nge2 e6 9. O-O Be7 10. Rc1 O-O 11. Na4 Nd7 12. f3 Bh5 13. Qb3 Ra7 14. a3 Bg6 15. Bxg6 hxg6 16. Qd3 Nb6 17. Nxb6 Qxb6 18. b4 Raa8 19. Nc3 Rfc8 20. Na4 Qa7 21. Rc3 b5 22. Rfc1 Qb7 23. Nc5 Bxc5 24. Rxc5 Qd7 25. R1c3 Ne7 26. Rc7 Rxc7 27. Rxc7 Qd8 28. Qc2 Rc8 29. Rc5 Qd7 30. Kf2 f6 31. Bd6 Nc6 32. Bg3 Kf7 33. Ke2 Ne7 34. Kd3 Rc6 35. Qc3 Qc8 36. Kc2 Rxc5 37. Qxc5 Qxc5+ 38. bxc5 Nc6 39. Be1 Ke7 40. Kd3 Kd7 41. Bg3 g5 42. Be1 a5 43. Bd2 Kc7 44. g4 e5 45. e4 dxe4+ 46. Kxe4 exd4 47. f4 gxf4 48. Bxf4+ Kd7 49. Kd5 a4 50. Bc1 d3 51. g5 f5 52. g6 Ne7+ 53. Kd4 Nxg6 54. Kxd3 Ne5+ 55. Kd4 Nc6+ 56. Kd5 g6 57. h4 b4 58. axb4 Nxb4+ 59. Kc4 Nc6 60. Bb2 Ke6 61. Kb5 Kd5 62. Kxa4 Kc4 63. Bc1 Kxc5 64. Kb3 Nd4+ 65. Kb2 Nf3 66. Kc3 Nxh4 67. Kd3 Kd5 68. Bg5 Nf3 69. Bh6 Ne5+ 70. Ke2 Ke4 0-1

[Event "XVII MetLife Najdorf Open 2017"]
[Site "Warsaw"]
[Date "2017.07.16"]
[Round "8"]
[White "Fieberg, Samuel"]
[Black "Villegas, Pierre"]
[Result "1/2-1/2"]
[ECO "B12"]
[WhiteElo "2169"]
[BlackElo "2295"]
[Annotator "NA"]
[PlyCount "105"]
[EventDate "2017.??.??"]
[EventType "swiss"]
[EventCountry "POL"]
[SourceTitle "playchess.com"]
[Source "ChessBase"]
[SourceQuality "1"]
[TimeControl "40/5400+30:1800+30"]

1. e4 c6 2. d4 d5 3. e5 Bf5 4. Nf3 e6 5. Be2 c5 6. Be3 cxd4 7. Nxd4 Ne7 8. O-O Nbc6 9. Bb5 {B12: Caro-Kann: Advance Variation} a6 10. Bxc6+ bxc6 11. c4 Qd7 12. Nc3 dxc4 13. Na4 {LiveBook: 9 Games} Nd5 14. Nxf5 exf5 15. Rc1 c3 {[#]} 16. Bd4 $146 ({Predecessor:} 16. Nxc3 Nxe3 17. fxe3 {½-½ (47) Caruana,F (2808)-Navara,D (2742) Baku 2016}) 16... cxb2 17. Bxb2 Qe6 18. Qb3 Be7 19. Qb7 O-O 20. Rxc6 Rfb8 21. Qxa8 Rxa8 22. Rxe6 fxe6 23. Rc1 Kf7 24. g3 Ke8 25. Rc4 Kd7 26. Kf1 Rb8 27. Ke2 g5 28. f3 h6 29. Kd2 Rb4 30. Rxb4 Bxb4+ 31. Kd3 Kc6 32. Bd4 Kb5 33. Nb2 Be7 34. Bc3 Bb4 35. Bd4 Ba5 36. a3 Bd8 37. Nc4 Be7 38. Bb2 h5 39. h3 Bf8 40. Bc1 g4 41. hxg4 fxg4 42. fxg4 hxg4 43. Nd6+ Ka4 44. Ne4 Bxa3 45. Bxa3 Kxa3 46. Nf6 Ne7 47. Nxg4 Nf5 48. Nf6 Nxg3 49. Nd7 $11 Kb4 50. Nf8 Kc5 51. Nxe6+ Kd5 52. Nc7+ Kxe5 53. Nxa6 1/2-1/2

[Event "XVII MetLife Najdorf Open 2017"]
[Site "Warsaw"]
[Date "2017.07.16"]
[Round "8"]
[White "Paramzina, Anastasya"]
[Black "Godzwon, Iwo"]
[Result "1/2-1/2"]
[ECO "B38"]
[WhiteElo "2166"]
[BlackElo "2205"]
[Annotator "NA"]
[PlyCount "106"]
[EventDate "2017.??.??"]
[EventType "swiss"]
[EventCountry "POL"]
[SourceTitle "playchess.com"]
[Source "ChessBase"]
[SourceQuality "1"]
[TimeControl "40/5400+30:1800+30"]

1. e4 c5 2. Nf3 Nc6 3. d4 cxd4 4. Nxd4 g6 5. c4 Bg7 6. Be3 Nf6 7. Nc3 O-O 8. Be2 d6 9. O-O Bd7 10. f3 Nxd4 11. Bxd4 a5 12. b3 Bc6 13. Rc1 Nd7 14. Be3 Nc5 15. Qd2 Be5 16. Nb5 e6 17. Bg5 Qb6 18. Kh1 Bxb5 19. cxb5 Rfc8 20. Bc4 Qa7 21. Rce1 Na4 22. Be3 b6 23. Qf2 Nc5 24. Bg5 Bg7 25. Rd1 Qc7 26. Qd2 Be5 27. Rfe1 Qb7 28. Qe3 f6 29. Bh4 g5 30. Bf2 Rd8 31. Qd2 Bf4 32. Qe2 Kg7 33. g3 Be5 34. Bxc5 dxc5 35. Bxe6 Qe7 36. Bd5 Ra7 37. f4 Bc3 38. Rf1 h6 39. Qg4 Qd7 40. Qf3 Bd4 41. Qe2 Qe7 42. Qf3 Rf8 43. a4 Qd7 44. Qh5 Qe8 45. Qh3 Re7 46. Bc6 Qc8 47. Qh5 Qe6 48. Bd5 Qd7 49. fxg5 hxg5 50. Qf3 Qh3 51. Rd2 Be5 52. Bc4 Rh8 53. Rg1 Bd4 1/2-1/2

[Event "XVII MetLife Najdorf Open 2017"]
[Site "Warsaw"]
[Date "2017.07.16"]
[Round "8"]
[White "Sliwicka, Alicja"]
[Black "Gumularz, Szymon"]
[Result "1/2-1/2"]
[ECO "B42"]
[WhiteElo "2164"]
[BlackElo "2391"]
[Annotator "NA"]
[PlyCount "61"]
[EventDate "2017.??.??"]
[EventType "swiss"]
[EventCountry "POL"]
[SourceTitle "playchess.com"]
[Source "ChessBase"]
[SourceQuality "1"]
[TimeControl "40/5400+30:1800+30"]

1. e4 c5 2. Nf3 e6 3. d4 cxd4 4. Nxd4 a6 5. Bd3 g6 6. O-O Bg7 7. Be3 Ne7 8. Nc3 Nbc6 9. Nxc6 Nxc6 10. Na4 b5 11. Nb6 Rb8 12. Nxc8 Qxc8 13. Bf4 Rb6 14. c3 Ne5 15. Bxe5 Bxe5 16. f4 Bg7 17. Qe2 Qc5+ 18. Kh1 O-O 19. Rad1 d6 20. Bb1 a5 21. Rf3 b4 22. c4 a4 23. f5 Rc8 24. f6 Bf8 25. Bd3 Qe5 26. Qf2 Rc5 27. Re1 Rbc6 28. Rh3 Qg5 29. Ree3 h6 30. Re1 Kh7 31. Rhe3 1/2-1/2

[Event "XVII MetLife Najdorf Open 2017"]
[Site "Warsaw"]
[Date "2017.07.16"]
[Round "8"]
[White "Kubicka, Anna"]
[Black "Bartel, Michal"]
[Result "1/2-1/2"]
[ECO "C95"]
[WhiteElo "2152"]
[BlackElo "2343"]
[Annotator "ChessBase"]
[PlyCount "157"]
[EventDate "2017.??.??"]
[EventType "swiss"]
[EventCountry "POL"]
[SourceTitle "playchess.com"]
[Source "ChessBase"]
[SourceQuality "1"]
[TimeControl "40/5400+30:1800+30"]

1. e4 e5 2. Nf3 Nc6 3. Bb5 a6 4. Ba4 Nf6 5. O-O Be7 6. Re1 b5 7. Bb3 d6 8. c3 O-O 9. h3 Nb8 10. d4 Nbd7 11. Nbd2 Bb7 12. Bc2 Re8 13. Nf1 Bf8 14. Ng3 g6 15. Bg5 h6 16. Bd2 Bg7 17. Nh2 d5 18. dxe5 Nxe4 19. Nxe4 dxe4 20. Qc1 Nxe5 21. Bxh6 f5 22. Bxg7 Kxg7 23. Nf1 Qh4 24. a4 Rh8 25. Qe3 Qe7 26. Rad1 Rad8 27. axb5 axb5 28. Rxd8 Rxd8 29. Rd1 Rxd1 30. Bxd1 c5 31. Qd2 Nc4 32. Qc1 Qd6 33. Be2 Ne5 34. Bxb5 c4 35. Qe3 Qd5 36. Be8 Kf8 37. Ba4 Kg7 38. Qg5 Nf7 39. Qd2 Ne5 40. Qxd5 Bxd5 41. Ne3 Be6 42. h4 f4 43. Nd1 Nd3 44. g3 Kf6 45. gxf4 Kf5 46. Be8 Nxf4 47. Ne3+ Kf6 48. Bb5 Nd3 49. Bxc4 Nxb2 50. Bxe6 Kxe6 51. Kg2 Nd3 52. Kg3 Kf6 53. c4 Ke5 54. Nd5 Kf5 55. Nc7 g5 56. h5 Nf4 57. h6 Kg6 58. Na6 Kxh6 59. c5 Ne2+ 60. Kg4 Nd4 61. Nb4 Kg6 62. c6 Nb5 63. Nd5 Na7 64. c7 Nc8 65. Nc3 Kf6 66. Nxe4+ Ke6 67. Kxg5 Kd7 68. Kf6 Kxc7 69. Ke6 Kd8 70. f4 Ne7 71. Nd6 Nc6 72. Nb5 Ke8 73. Nc7+ Kf8 74. Kd5 Ne7+ 75. Kd6 Kf7 76. Nb5 Ng6 77. f5 Ne7 78. Ke5 Nxf5 79. Kxf5 1/2-1/2

[Event "XVII MetLife Najdorf Open 2017"]
[Site "Warsaw"]
[Date "2017.07.16"]
[Round "8"]
[White "Mis, Mieszko"]
[Black "Heinemann, Josefine"]
[Result "1/2-1/2"]
[ECO "A48"]
[WhiteElo "2137"]
[BlackElo "2294"]
[Annotator "NA"]
[PlyCount "108"]
[EventDate "2017.??.??"]
[EventType "swiss"]
[EventCountry "POL"]
[SourceTitle "playchess.com"]
[Source "ChessBase"]
[SourceQuality "1"]
[TimeControl "40/5400+30:1800+30"]

1. d4 Nf6 2. Nf3 g6 3. Nbd2 c5 4. dxc5 Qa5 5. a3 Qxc5 6. b4 Qc7 7. Bb2 Bg7 8. e3 d6 9. Be2 O-O 10. O-O b6 11. c4 Bb7 12. Rc1 Nbd7 13. Qb3 Rac8 14. Rfd1 Qb8 {[%emt 0:01:54] A48: 1 d4 Nf6 2 Nf3 g6: Torre, London and Colle Systems} 15. Nd4 (15. Bf1 Rfd8 16. Nd4 Qa8 17. Ba1 a6 18. Rc2 Rc7 19. Rdc1 Rdc8 20. Ne2 d5 21. Nf4 e6 22. cxd5 Rxc2 23. Rxc2 Nxd5 24. Bxg7 Kxg7 {½-½ (52) Bukavshin,I (2657)-Gelfand,B (2731) Moscow 2015}) 15... a6 16. Bf3 Rc7 17. Bxb7 Qxb7 18. Qd3 $146 ({Predecessor:} 18. Rc2 Rfc8 19. Rdc1 h6 20. h3 Ne4 21. N4f3 Nxd2 22. Nxd2 {½-½ (65) Vunder,A (2255)-Smirnov,A (2385) St Petersburg 2007}) 18... Rfc8 19. Qe2 Ne4 20. N2b3 Ne5 21. f3 Nf6 22. Nd2 Nc6 23. N2b3 Nd7 24. f4 Nf6 25. Nxc6 Qxc6 26. b5 axb5 27. cxb5 Qe4 28. Rxc7 Rxc7 29. Nd2 Qa4 30. Rc1 Rxc1+ 31. Bxc1 d5 32. Bb2 Qc2 33. Bxf6 Bxf6 34. Kf2 Bb2 35. a4 Bc3 36. Nf3 Qxa4 37. Qd3 Qc4 38. Qxc4 dxc4 39. e4 Kf8 40. Ke3 Bb2 41. Kd2 Ke8 42. Kc2 c3 43. Ne5 Ba3 44. Kxc3 Bc5 45. Nf3 Be3 46. g3 f6 47. Kc4 Kd7 48. f5 e6 49. Kd3 Bf2 50. fxg6 hxg6 51. e5 f5 52. Ke2 $11 Bc5 53. h3 Ke7 54. g4 fxg4 1/2-1/2

[Event "XVII MetLife Najdorf Open 2017"]
[Site "Warsaw"]
[Date "2017.07.16"]
[Round "8"]
[White "Baasansuren, Erdene"]
[Black "Chylewski, Patryk"]
[Result "0-1"]
[ECO "A40"]
[WhiteElo "2128"]
[BlackElo "2275"]
[Annotator "ChessBase"]
[PlyCount "116"]
[EventDate "2017.??.??"]
[EventType "swiss"]
[EventCountry "POL"]
[SourceTitle "playchess.com"]
[Source "ChessBase"]
[SourceQuality "1"]
[TimeControl "40/5400+30:1800+30"]

1. d4 Nf6 2. c4 e6 3. g3 d5 4. Nf3 Bb4+ 5. Bd2 Bd6 6. Bg2 c6 7. O-O Nbd7 8. Qc2 O-O 9. Nc3 dxc4 10. e4 e5 11. a4 exd4 12. Nxd4 Ne5 13. Nce2 c5 14. Nb5 Bb8 15. Nf4 Bg4 16. f3 Bd7 17. Na3 Bxa4 18. Qxa4 Qxd2 19. Rf2 Qb4 20. Qd1 Bc7 21. Bf1 Rfd8 22. Nd5 Nxd5 23. exd5 Qb3 24. f4 Qxd1 25. Rxd1 Nd3 26. Bxd3 cxd3 27. Rxd3 a6 28. Rc2 b5 29. b3 Ba5 30. Re2 Rd7 31. Nc2 c4 32. bxc4 bxc4 33. Rd1 Kf8 34. Kg2 c3 35. Re4 Rb8 36. Kf3 Rb2 37. Re2 Rb5 38. Ne3 Bb4 39. Rc2 a5 40. Ra1 Rb8 41. Raa2 Re8 42. Ra4 f5 43. h3 g6 44. g4 Rde7 45. Nc4 Re4 46. Ne5 Rd4 47. gxf5 gxf5 48. Nd7+ Ke7 49. Ne5 Kd6 50. Re2 Kxd5 51. Raa2 Rd2 52. Ke3 Bc5+ 53. Kf3 Rxe2 54. Kxe2 Ke4 55. Nd7 Kxf4+ 56. Kf1 Bd4 57. Ra4 Ke3 58. Ra2 Kd3 0-1

[Event "XVII MetLife Najdorf Open 2017"]
[Site "Warsaw"]
[Date "2017.07.16"]
[Round "8"]
[White "Domanski, Lukasz"]
[Black "Kowalczyk, Rafal"]
[Result "1-0"]
[ECO "C28"]
[WhiteElo "2113"]
[BlackElo "2240"]
[Annotator "NA"]
[PlyCount "99"]
[EventDate "2017.??.??"]
[EventType "swiss"]
[EventCountry "POL"]
[SourceTitle "playchess.com"]
[Source "ChessBase"]
[SourceQuality "1"]
[TimeControl "40/5400+30:1800+30"]

1. e4 e5 2. Bc4 Nc6 3. Nc3 Nf6 4. d3 Na5 5. Nge2 c6 6. a4 Nxc4 {[%emt 0:00:51] C28: Vienna Game: 2...Nf6 3 Bc4 Nc6} 7. dxc4 Bc5 (7... Be7 8. O-O d6 9. b3 Qc7 10. Qd3 O-O 11. h3 Be6 12. Qf3 Rfd8 13. Rd1 Qa5 14. Bd2 Qc7 15. Be3 Qa5 16. Bd2 Qc7 17. Be3 Qa5 18. Bd2 {½-½ (18) Martin Molinero,R (2408)-Cavajda,I (2468) ICCF email 2014}) 8. f3 d6 9. Qd3 Be6 10. b3 O-O 11. Be3 Bb4 $146 ({Predecessor:} 11... Qa5 12. Kf2 Nd7 13. Ng3 g6 14. Rhd1 Rad8 15. Bxc5 Nxc5 16. Qe3 Rd7 17. Rab1 Qb4 18. Nge2 b6 19. Na2 {½-½ (19) Wolff,C (2102)-Slamenik,J (2164) LSS email 2010}) 12. O-O-O a6 13. Kb2 b5 14. cxb5 axb5 15. Na2 Bc5 16. Bxc5 dxc5 17. Qxd8 Rfxd8 18. axb5 cxb5 19. Nec3 Rdb8 20. Rd6 Kf8 21. Rhd1 Rb7 22. Rc6 Nd7 23. Nd5 Bxd5 24. exd5 b4 25. Nc1 Rba7 26. Nd3 Ra5 27. Kc1 f6 28. Kd2 R8a6 29. Ke3 Ke7 30. Nb2 Rxc6 31. dxc6 Nb6 32. Na4 Nxa4 33. bxa4 c4 34. Rd7+ Ke6 35. Rxg7 Rc5 36. Rxh7 b3 37. Rb7 Rxc6 38. a5 Kd5 39. cxb3 cxb3 40. Rxb3 Rc2 41. Ra3 Rxg2 42. a6 Rg8 43. a7 Ra8 44. Ra6 f5 45. h4 Kc5 46. h5 Kb5 47. Ra1 Kb6 48. h6 Kc7 49. h7 Kb7 50. Ra2 1-0

[Event "XVII MetLife Najdorf Open 2017"]
[Site "Warsaw"]
[Date "2017.07.16"]
[Round "8"]
[White "Priyanka Nutakki"]
[Black "Niekras, Dawid"]
[Result "1/2-1/2"]
[ECO "B53"]
[WhiteElo "2104"]
[BlackElo "2291"]
[Annotator "NA"]
[PlyCount "88"]
[EventDate "2017.??.??"]
[EventType "swiss"]
[EventCountry "POL"]
[SourceTitle "playchess.com"]
[Source "ChessBase"]
[SourceQuality "1"]
[TimeControl "40/5400+30:1800+30"]

1. e4 c5 2. Nf3 d6 3. d4 cxd4 4. Qxd4 Nc6 5. Bb5 Bd7 6. Bxc6 Bxc6 7. Nc3 e5 8. Qd3 h6 9. Be3 Nf6 10. h3 Be7 11. O-O-O Qd7 12. Nd2 b5 13. Nd5 Bxd5 14. exd5 O-O 15. g4 Qb7 16. Nf1 Rfc8 17. Rg1 Qc7 18. Kb1 Qc4 19. Ng3 Qxd3 20. Rxd3 Rc4 21. Nf5 Bf8 22. f3 Nd7 23. Rd2 a5 24. Rf1 a4 25. Rd3 Rac8 26. Rf2 Kh7 27. Ng3 g6 28. h4 Be7 29. Rh2 h5 30. gxh5 Rxh4 31. hxg6+ fxg6 32. Rxh4+ Bxh4 33. Ne4 Be7 34. Bg5 Bf8 35. f4 Rc4 36. Nd2 Rc8 37. Ne4 Re8 38. Rh3+ Kg8 39. Bf6 exf4 40. Rh8+ Kf7 41. Rh7+ Kg8 42. Rh8+ Kf7 43. Rh7+ Kg8 44. Rh8+ Kf7 1/2-1/2